 Dungeon Crawl Stone Soup version 0.31.0-11-ge490571c62 (webtiles) character file.

Game seed: 8044948442627273553

4 qw the Shooter (level 1, -2/12 HPs)
             Began as a Deep Elf Hunter on Feb 5, 2024.
             Slain by a kobold
             ... wielding a +1 whip of draining
              (5 damage)
             ... on level 1 of the Dungeon.
             The game lasted 00:00:01 (82 turns).

qw the Shooter (Deep Elf Hunter)                      Turns: 82, Time: 00:00:02

Health: -2/12      AC:  3    Str:  8    XL:     1   Next: 58%
Magic:  3/3        EV: 12    Int: 13    God:
Gold:   0          SH:  0    Dex: 18    Spells: 0/0 levels left

rFire   . . .        a - +0 shortbow
rCold   . . .        (shield currently unavailable)
rNeg    . . .        c - +0 leather armour
rPois   .            (no helmet)
rElec   .            (no cloak)
rCorr   .            (no gloves)
SInv    .            (no boots)
Will    .....        (no amulet)
Stlth   ++           (no ring)
HPRegen 0.22/turn    (no ring)
MPRegen 0.08/turn

%: no passive effects
@: no status effects
A: no striking features
a: no special abilities


You were on level 1 of the Dungeon.
You visited 1 branch of the dungeon, and saw 1 of its levels.


   Skills:
 - Level 1.5 Fighting
 + Level 5.7 Ranged Weapons
 - Level 2.4 Dodging
 - Level 1.2 Stealth


You couldn't memorise any spells.
You didn't know any spells.
Your spell library was empty.

Inventory:

Hand Weapons
 a - a +0 shortbow (weapon)
Armour
 c - a +0 leather armour (worn)
Scrolls
 b - a scroll of butterflies
 d - a scroll of identify {unknown}
Potions
 e - a potion of attraction {unknown}

Dungeon Overview and Level Annotations

Branches:
Dungeon (1/15)

Altars:


Message History

Found a puce potion.
You shoot an arrow. The arrow hits the giant cockroach.
You kill the giant cockroach!
You shoot an arrow. The arrow hits the rat.
You kill the rat!
A hobgoblin comes into view.
Found 9 stones.
You shoot an arrow.
The arrow hits the hobgoblin but does no damage.
The hobgoblin shouts!
You shoot an arrow. The arrow hits the hobgoblin!
You kill the hobgoblin!
e - a puce potion You see here the Dissertation on Scorched Bad Luck. 2 kobolds come into view.
A kobold is wielding a +1 whip of draining.
Found a puce potion and a leather armour.
The kobold shouts! x2; You hear a bark!
You hear an angry hiss.
You shoot an arrow. The arrow closely misses the kobold.
A jackal comes into view.
The kobold throws a stone.
The stone barely misses you.
The kobold throws a stone.
The stone barely misses you.
You shoot an arrow. The arrow barely misses the kobold.
You shoot an arrow. The arrow hits the kobold.
The kobold is heavily wounded.
The jackal barely misses you.
The kobold hits you with a +0 short sword.
The jackal bites you but does no damage.
You shoot an arrow. The arrow hits the kobold.
You kill the kobold!
The kobold hits you with a +1 whip of draining.
You feel drained. The jackal bites you.
Your life force feels restored.
You shoot an arrow. The arrow barely misses the kobold.
The jackal closely misses you. The kobold misses you. The jackal bites you.
The kobold closely misses you.
You shoot an arrow. The arrow barely misses the kobold.
The jackal bites you.
The kobold hits you with a +1 whip of draining.
You die...

###..#..##
#....
#......##
#%...
...##....##
####....
####..######
#.......
##......# #.
..##.^..
######.#
#... # #....
#.### .!.#
##.##
#...#..# #.#
###@).# #.#
#hK.# #.#
....# ##.#
..##.# #..#
..# .# #''#
### .. #..#
##. ###'ยค##
#[ #......
#.~~~~.


You could see a jackal and a kobold.

Vanquished Creatures
  A giant cockroach (D:1)
  A hobgoblin (D:1)
  A kobold (D:1)
  A rat (D:1)
4 creatures vanquished.

Notes
Turn   | Place    | Note
-------+----------+-------------------------------------------
     0 | D:1      | qw the Deep Elf Hunter began the quest for the Orb.
     0 | D:1      | Reached XP level 1. HP: 12/12 MP: 3/3
     0 | D:1      | 0 ||| qw: Version: 0.3-a-160-g6735b56
     0 | D:1      | 0 ||| qw: Game counter: 6367
     0 | D:1      | 0 ||| qw: Melee chars always use a shield: true
     0 | D:1      | 0 ||| qw: God list: Okawaru
     0 | D:1      | 0 ||| qw: Allow faded altars: false
     0 | D:1      | 0 ||| qw: Do Orc after clearing Dungeon:15 true
     0 | D:1      | 0 ||| qw: Do second Lair branch before Depths: true
     0 | D:1      | 0 ||| qw: Lair rune preference: random
     0 | D:1      | 0 ||| qw: Goals: Normal
     0 | D:1      | 0 ||| PLANNING D:1-11
    82 | D:1      | HP: 3/12 [jackal (1)]
    82 | D:1      | Slain by a kobold

Levels and vault maps discovered:
D:1:      lightli_arrival_lavapool, layout_rooms, solitary_fountain

Action                     || total
---------------------------++-------
   Fire: Shortbow          ||    10
 Armour: Leather armour    ||     7
  Dodge: Dodged            ||     6

Table legend:
 A = Non-vault XP
 B = Vault XP
 C = Vault XP percentage of total XP
 D = Non-vault monster count
 E = Vault monster count
 F = Vault count percentage of total count
                 A         B        C        D         E       F
            +---------+---------+-------+---------+---------+-------
      Total |       7 |       0 |   0.0 |       4 |       0 |   0.0
            +---------+---------+-------+---------+---------+-------
        D:1 |       7 |       0 |   0.0 |       4 |       0 |   0.0
            +---------+---------+-------+---------+---------+-------
